 Dungeon Crawl Stone Soup version 0.20-a0-733-gf92fd71 (webtiles) character file.

67 Dharzhak the Ruffian (level 4, 0/40 HPs)
             Began as a Ghoul Monk on Feb 22, 2017.
             Slain by Robin
             ... wielding a +2 falchion of holy wrath
              (2 damage)
             ... on level 3 of the Dungeon.
             The game lasted 00:06:55 (1741 turns).

Dharzhak the Ruffian (Ghoul Monk)                   Turns: 1741, Time: 00:06:55

Health: 0/40       AC:  2    Str: 14    XL:     4   Next: 16%
Magic:  0/3        EV: 13    Int:  5    God:
Gold:   104        SH:  0    Dex: 12    Spells: 3/3 levels left

rFire    . . .     SeeInvis .     - Unarmed
rCold    + . .     Gourm    .   a - +0 robe
rNeg     + + +     Faith    .   (no shield)
rPois    ∞         Spirit   +   (no helmet)
rElec    .         Reflect  .   (no cloak)
rCorr    .         Harm     .   (no gloves)
MR       +....                  (no boots)
Stlth    ++........             h - amulet of guardian spirit
Regen    0.0/turn               (no ring)
MPRegen  0.1/turn               n - ring of protection from magic

@: rotting
A: rotting body, claws 1, carnivore 3, cold resistance 1, negative energy
resistance 3, inhibited regeneration, torment resistance, unbreathing
a: no special abilities


You were on level 3 of the Dungeon.
You were not hungry.

You visited 1 branch of the dungeon, and saw 3 of its levels.

You collected 104 gold pieces.

Inventory:

Missiles
 i - 14 poisoned needles
 s - 7 tomahawks (quivered)
Armour
 a - a +0 robe (worn)
Jewellery
 h - an amulet of guardian spirit (around neck)
 n - a ring of protection from magic (left claw)
Wands
 q - a wand of paralysis (1/24)
Scrolls
 c - 2 scrolls of remove curse {unknown}
 e - 6 scrolls of identify {unknown}
 j - 2 scrolls of immolation {unknown}
 m - a scroll of fear {unknown}
Potions
 d - 2 potions of curing {unknown}
 k - a potion of haste {unknown}
 l - a potion of mutation {unknown}
 o - a potion of magic {unknown}
 p - a potion of invisibility {unknown}
 r - a potion of lignification {unknown}
Comestibles
 b - a meat ration
 g - a royal jelly


   Skills:
 + Level 3.8 Fighting
 + Level 3.2 Dodging
 + Level 2.8 Stealth
 + Level 4.1 Unarmed Combat


You had 3 spell levels left.
You didn't know any spells.

Dungeon Overview and Level Annotations

Branches:
Dungeon (3/15)

Altars:

Annotations:
D:3 Robin


Innate Abilities, Weirdness & Mutations

Your body is rotting away.
You thrive on raw meat.
You are immune to poison.
You have sharp fingernails.
You are carnivorous and can eat meat at any time.
Your flesh is cold resistant. (rC+)
You are immune to negative energy. (rN+++)
You do not regenerate when monsters are visible.
You are immune to unholy pain and torment.
You can survive without breathing.


Message History

You scratch Robin. You claw Robin, but do no damage.
Robin is severely wounded.
Robin zaps a wand.
The puff of flame misses you.
The puff of flame hits the goblin.
The goblin dies!
You scratch Robin but do no damage.
Robin is severely wounded.
Robin zaps a wand.
The puff of flame misses you.
You scratch Robin but do no damage.
Robin is severely wounded.
Robin hits you but does no damage.
You barely miss Robin.
Robin is severely wounded.
Robin misses you.
You closely miss Robin.
Robin is severely wounded.
Robin hits you with a falchion of holy wrath.
* * * LOW HITPOINT WARNING * * *
You convulse.
You die...

#..# #.# #..#
###.### #..#
#.....#
#..###.#.#.###.#
#..............#
#.####.#.#.####
#)# #.....# #†#
###.### #@# #..#
## ##g## #.## #.
#...# #.# #.
####...# #.# #.
#).)...# #.# #.
#g####.# #.# #.
#)####.# #.# #.
###g..##.# #.#
######.
###≈≈...≈≈.##
#.####......


You could see Robin.

Vanquished Creatures
  Ijyb (D:2)
  A bat (D:2)
  A giant cockroach (D:1)
  5 hobgoblins
  2 jackals (D:3)
  2 frilled lizards (D:1)
  17 goblins
  3 kobolds
  8 rats
40 creatures vanquished.

Vanquished Creatures (others)
  2 goblins (D:3)
2 creatures vanquished.

Grand Total: 42 creatures vanquished

Notes
Turn   | Place    | Note
-------+----------+-------------------------------------------
     0 | D:1      | Dharzhak the Ghoul Monk began the quest for the Orb.
     0 | D:1      | Reached XP level 1. HP: 19/19 MP: 0/0
   182 | D:1      | Reached XP level 2. HP: 22/26 MP: 1/1
   909 | D:2      | Noticed Ijyb
   919 | D:2      | Paralysed by Ijyb for 4 turns
   934 | D:2      | Killed Ijyb
   934 | D:2      | Reached XP level 3. HP: 20/33 MP: 2/2
  1319 | D:3      | Reached skill level 4 in Unarmed Combat
  1596 | D:3      | Noticed Robin
  1630 | D:3      | Reached XP level 4. HP: 30/40 MP: 3/3
  1741 | D:3      | HP: 2/40 [Robin/falchion of holy wrath (4)]
  1741 | D:3      | Slain by Robin

Vault maps used:
D:1:      dpeg_arrival_pits
D:2:      uniq_iyjb
D:3:      kennysheep_goblin_castle, trog_eyes_of_draining,
          hangedman_decor_diamond_cutter, due_unseen_surprise, uniq_grinder

Skill      XL: |  1  2  3 |
---------------+----------+-----
Dodging        | 3 |  3.2
Unarmed Combat | 4 |  4.1
Fighting       | |  3.8
Stealth        | |  2.8

Action                   |  1- 3 |  4- 6 || total
-------------------------+-------+-------++-------
Melee: Unarmed           |   103 |    35 ||   138
       Punch             |     3 |     1 ||     4
 Stab: Sleeping          |     2 |       ||     2
  Eat: Chunk             |    12 |    10 ||    22
Armor: Robe              |    13 |     5 ||    18
Dodge: Dodged            |    67 |    29 ||    96
